[Event "2nd Cambridge Open 2024"]
[Site "Cambridge"]
[Date "2024.02.23"]
[Round "7.1"]
[White "Willow, Jonah B"]
[Black "Tiviakov, Sergei"]
[Result "0-1"]
[ECO "C10"]
[WhiteElo "2434"]
[BlackElo "2537"]
[Annotator "TA"]
[PlyCount "92"]
[EventDate "2024.02.18"]
[EventType "swiss"]
[EventCountry "ENG"]
[SourceTitle "playchess.com"]
[Source "ChessBase"]
[SourceQuality "1"]
[TimeControl "5400+30"]

1. e4 e6 2. d4 d5 3. Nc3 dxe4 4. Nxe4 Nd7 5. Nf3 Ngf6 6. Nxf6+ Nxf6 7. c3 {[%emt 0:00:33] 7.c3 is setting a new trend.} Be7 8. Bd3 b6 {[%emt 0:00:14] C10: French with 3 Nc3: Unusual Black 3rd moves and 3...dxe4.} 9. Ne5 Bb7 10. Qa4+ c6 11. Be3 $146 ({Predecessor:} 11. Bf4 a6 12. O-O b5 13. Qc2 c5 14. dxc5 Bxc5 15. Rad1 Qb6 16. a4 O-O 17. Bg5 {1-0 Palac,M (2485)-Mufic,G (2335) CRO-chT Pula 1993 (5)}) 11... Qc7 12. O-O-O O-O 13. Qc2 c5 14. Rhe1 h6 15. Qe2 cxd4 (15... Bxg2 $2 16. Rg1 Qb7 17. f3 $18) (15... Nd5 $11) 16. Bxd4 $14 Rad8 17. Bc4 (17. Bc2 $16) 17... Bd5 (17... Bxg2 $17 18. Kb1 Be4+ 19. Bd3 Bxd3+ 20. Rxd3 Nd5) 18. Bxd5 Rxd5 19. Qc4 Bc5 20. Bxc5 Rxc5 21. Qe2 b5 22. Kb1 a5 23. Rd4 Rc8 24. f4 Nd5 25. Qd2 $1 f6 26. Nd3 $1 Rc6 27. f5 (27. a3 $11) 27... b4 $1 $15 28. c4 (28. cxb4 $2 Rc2 (28... Qxh2 $2 29. fxe6 Qh5 30. g4 $18) 29. Qd1 Rxb2+ (29... Qxh2 $2 30. fxe6 Qxg2 31. e7 $18) 30. Nxb2 Nc3+ (30... Nxb4 $2 31. Rc4 $18) 31. Ka1 Nxd1 32. Rdxd1 e5 (32... exf5 $2 33. bxa5 Qxh2 34. Re2 $19) (32... axb4 $2 33. fxe6 Qc3 34. h4 $19) 33. bxa5 Qxa5 $19) 28... Rxc4 29. Rxc4 Qxc4 30. fxe6 Rd8 31. Qe2 b3 ({Black should try} 31... Ne7 $15 32. Nc1 Qd5) 32. axb3 $11 Qxb3 33. Qc2 Qb5 (33... Qxc2+ {simplifies} 34. Kxc2 Rb8 35. Ra1 Rb5) 34. Nc1 ({Better is} 34. g3 $11) 34... a4 $15 35. Qd3 Qb6 36. Na2 (36. g3 $15) 36... Ne7 37. Qa3 Qf2 38. Qb4 $2 (38. Rc1 $17 Rb8 39. Rc2 Qe1+ 40. Nc1) 38... Rd4 $2 (38... a3 $19 {Strongly threatening ...Nd5.} 39. Rc1 (39. bxa3 $2 {perishes.} Rd2 $19) 39... Qf5+ 40. Ka1 axb2+ (40... Qxe6 41. Qxa3 Rd2 42. Qb4 $19) 41. Qxb2 Qxe6) 39. Qc3 $2 (39. Qb8+ $17 Kh7 40. Qg3 Qf5+ 41. Ka1) 39... Rg4 (39... a3 $142 40. Rc1 (40. bxa3 $2 {too greedy.} Rd2 $19) 40... Qf5+ 41. Ka1 axb2+ 42. Qxb2 Re4) 40. g3 $19 Qxh2 41. Rd1 $2 (41. Re3) 41... Rxg3 $19 ({Don't play} 41... Qxg3 42. Rd7 Qxc3 43. Nxc3 $19) 42. Qc7 a3 43. Qb8+ Kh7 44. bxa3 Qh3 45. Qc7 Rxa3 46. Qc2+ f5 0-1

[Event "2nd Cambridge Open 2024"]
[Site "Cambridge"]
[Date "2024.02.23"]
[Round "7.2"]
[White "Adams, Michael"]
[Black "Sonis, Francesco"]
[Result "1/2-1/2"]
[ECO "C88"]
[WhiteElo "2674"]
[BlackElo "2573"]
[Annotator "TA"]
[PlyCount "159"]
[EventDate "2024.02.18"]
[EventType "swiss"]
[EventCountry "ENG"]
[SourceTitle "playchess.com"]
[Source "ChessBase"]
[SourceQuality "1"]
[TimeControl "5400+30"]

1. e4 e5 2. Nf3 Nc6 3. Bb5 a6 4. Ba4 Nf6 5. O-O Be7 6. d3 b5 7. Bb3 d6 8. a4 Rb8 9. axb5 axb5 10. Re1 O-O 11. Nbd2 Nb4 12. Nf1 c5 13. c3 Nc6 14. Ne3 Be6 15. Nd5 Qd7 16. Bg5 Bxd5 17. Bxd5 Nxd5 18. exd5 Nd8 19. Bxe7 Qxe7 20. d4 f6 21. dxc5 dxc5 22. Nd2 Nf7 23. Ne4 Rfd8 24. Qg4 Rxd5 25. Ra7 f5 26. Rxe7 fxg4 27. Ra1 Nh6 28. g3 Nf5 29. Rc7 c4 30. Kg2 Rf8 31. Rc5 Rxc5 32. Nxc5 Rd8 33. Ne4 h6 34. Ra6 Rd5 35. Rb6 Kh7 36. h3 gxh3+ 37. Kxh3 Kg8 38. Kg4 Ne7 39. Rd6 Kf8 40. Rxd5 Nxd5 41. Kf5 Nb6 42. Nd6 Na4 43. Nxb5 Nxb2 44. f3 Nd3 45. Nd6 Nc1 46. Kxe5 Ne2 47. Ne4 Ke7 48. Kd5 g5 49. g4 Ng1 50. Nd2 (50. Kxc4 Nxf3 51. Kd5 Nh2 $11) 50... Kf6 (50... Ne2 $1 $14) 51. Kxc4 $16 ({Stronger than} 51. Nxc4 Ne2 $15) 51... Ke5 $2 {[%emt 0:00:03][%mdl 8192] [#]} (51... Ne2 $16 {is tougher.}) 52. Kd3 $2 (52. Kb5 $1 $18) 52... Nh3 $1 $11 (52... Kf4 53. c4 Ke5 (53... Nxf3 54. Nxf3 h5 55. gxh5 g4 56. h6 gxf3 57. h7 f2 58. Ke2) 54. Kc3 $18) 53. Ke3 Nf4 54. Ne4 Kd5 55. Kd2 Ke5 56. Ng3 Kd5 57. Ne2 Ng6 58. Ke3 Ne5 59. Ng3 Nc4+ 60. Ke2 Nd6 61. Kd3 Ke5 62. Nh5 (62. Ne4 $14 Nc8 63. Kc4) 62... Nf7 63. c4 Nd8 64. Ke3 (64. c5 $5 Kd5 $8 65. Nf6+ Kxc5 66. Ke4 $11) 64... Nc6 65. Ng3 Na5 66. c5 Nc6 67. Ne4 Kd5 68. Nd6 Ne5 69. Ne4 Nd7 70. c6 Kxc6 71. Kd4 Nf8 72. Ke5 Ng6+ 73. Kf6 Nh4 74. Nd2 Kd5 75. Kg7 Ke5 76. Kxh6 Kf4 77. Kh5 $1 Ng2 78. Ne4 Kxf3 79. Nxg5+ Kf4 80. Nf7 1/2-1/2

[Event "2nd Cambridge Open 2024"]
[Site "Cambridge"]
[Date "2024.02.23"]
[Round "7.3"]
[White "Haubro, Martin"]
[Black "Royal, Shreyas"]
[Result "1-0"]
[ECO "B67"]
[WhiteElo "2418"]
[BlackElo "2459"]
[Annotator "TA"]
[PlyCount "97"]
[EventDate "2024.02.18"]
[EventType "swiss"]
[EventCountry "ENG"]
[SourceTitle "playchess.com"]
[Source "ChessBase"]
[SourceQuality "1"]
[TimeControl "5400+30"]

1. e4 c5 2. Nf3 d6 3. d4 cxd4 4. Nxd4 Nf6 5. Nc3 Nc6 6. Bg5 e6 7. Qd2 a6 8. O-O-O Bd7 9. Kb1 Nxd4 {[%emt 0:00:38] is now debated instead of 9...Be7. B67: Sicilian: Richter-Rauzer: 7...a6 8 0-0-0 Bd7, lines without 9 f4 Be7.} 10. Qxd4 Be7 11. f3 Qc7 12. Qd2 b5 13. g4 h5 14. gxh5 Nxh5 15. h4 Rc8 16. Bd3 g6 $146 ({Predecessor:} 16... Nf6 17. Ne2 e5 18. f4 Bg4 19. Rhg1 Bxe2 20. Qxe2 Nh5 21. fxe5 dxe5 22. Bc1 Bf6 {½-½ Giri,A (2772)-Warmerdam,M (2602) NED-ch KO Utrecht 2023 (3.2)}) 17. f4 Bxg5 (17... f6 $2 18. e5 Kf7 19. exf6 $18 (19. Bxg6+ Kxg6 20. exf6 Nxf6 $11)) (17... b4 $1 $14 18. Ne2 Bb5) 18. hxg5 $18 (18. fxg5 Qc5 $11) 18... Qc5 {[%emt 0:00:05] [#]} 19. e5 (19. Ne2 $142 $1 ) 19... Bc6 20. Be4 dxe5 21. Bxc6+ Qxc6 {[%emt 0:00:05] [#]} 22. Ne4 (22. fxe5 $1 $16 O-O (22... Kf8 23. Qf2) 23. Rde1) 22... Qxe4 (22... O-O $14 23. Nf6+ Kg7 (23... Nxf6 $2 24. gxf6 Rcd8 25. Qxd8 $18) 24. fxe5 (24. Nxh5+ gxh5 25. Qe2 exf4 $11) 24... Rh8) 23. Qd7+ $16 Kf8 24. Qxc8+ Kg7 25. Qxa6 exf4 26. Qxb5 Rd8 $2 (26... Rc8 $16 {keeps fighting.}) 27. Rde1 (27. a4 $142 Rd5 28. Rhe1 Rxb5 29. Rxe4 Rxg5 30. b4) 27... Rd5 $18 28. Rxe4 Rxb5 29. Rg1 f3 {[%emt 0:03:41] [#]} (29... f6 $16 {was worth a try.}) 30. Re3 $1 $18 f2 31. Rf1 Rxg5 32. Rf3 $1 f5 33. R3xf2 (33. R1xf2 e5 34. a4 e4 $18) 33... f4 34. a4 Rf5 $2 (34... Ra5 {was called for.} 35. c4 g5) 35. b4 $18 e5 36. Re1 Nf6 37. b5 e4 38. c4 e3 39. Rc2 Nd7 $2 (39... Re5) 40. a5 $18 Re5 41. a6 f3 42. a7 f2 43. Rf1 (43. a8=R {gets mated.} fxe1=Q+ (43... fxe1=B $2 44. Ra7 $17) 44. Ka2 e2 45. Rd8 Qa5+ 46. Kb2 Qb4+ (46... e1=B $2 47. Rxd7+ Kf6 48. Rd6+ Re6 49. Rd3 $19) (46... Qxd8 {leads to mate.} 47. Rd2 e1=Q 48. Rh2) 47. Ka2 Nc5 (47... e1=B $2 48. Rxd7+ Re7 49. Rxe7+ Qxe7 50. Kb1 $19) (47... Qa5+ 48. Kb2 Qxd8 49. Rd2 e1=Q 50. Rg2 Re2+ 51. Rxe2 Qxe2+ 52. Kb3 Qa5 53. c5 Nxc5#) (47... e1=Q {is a self mate.} 48. Rxd7+ Re7 49. Rxe7+ Qexe7 50. b6 Qa3+ 51. Kb1 Qe1+ 52. Rc1 Qexc1#) 48. Rc1 Qb3+ (48... e1=R 49. Rd7+ Nxd7 50. Rxe1 Rxe1 51. c5 Re2+ 52. Ka1 Qe1#) 49. Ka1 e1=Q (49... e1=R 50. Rdd1 R5e2 51. Rd7+ Nxd7 52. Rxe1 Rxe1#) (49... e1=R 50. Rdd1 Nd3 51. Rc2 Rxd1+ 52. Rc1 Rxc1#)) (43. Rd1 Nb6 (43... e2 $2 44. Rxe2 Rxe2 45. a8=Q $18) 44. Re2 Rg5 $11) 43... Nb6 44. c5 Na8 45. b6 Re7 46. Kc1 (46. Re2 $142 Kf7 47. Kc2 Rxa7 48. bxa7 Kf6 49. Rxe3 Kg5 50. Rxf2 Kh5 51. Rg3) 46... g5 47. Kd1 g4 48. Ke2 Kf6 49. Rc3 1-0

[Event "2nd Cambridge Open 2024"]
[Site "Cambridge"]
[Date "2024.02.23"]
[Round "7.4"]
[White "Gourlay, Iain"]
[Black "Ghasi, Ameet K"]
[Result "1-0"]
[ECO "A49"]
[WhiteElo "2301"]
[BlackElo "2509"]
[Annotator "TA"]
[PlyCount "92"]
[EventDate "2024.02.18"]
[EventType "swiss"]
[EventCountry "ENG"]
[SourceTitle "playchess.com"]
[Source "ChessBase"]
[SourceQuality "1"]
[TimeControl "5400+30"]

1. Nf3 Nf6 2. g3 g6 3. Bg2 Bg7 4. O-O O-O 5. d4 d6 6. b3 c5 7. Bb2 cxd4 8. Nxd4 d5 9. c4 e5 10. Nf3 e4 11. Nd4 dxc4 {[%emt 0:10:48] White is slightly better.} 12. Nd2 c3 13. Bxc3 e3 14. Nc4 exf2+ 15. Rxf2 Ng4 16. Rf4 Na6 17. Nb5 Bxc3 18. Nxc3 Nc7 19. Qd6 Nh6 ({Better is} 19... Qxd6 20. Nxd6 Ne3) 20. Rd1 $16 {[%emt 0:08:23] White has more active pieces.} Ne6 21. Qe5 {[%emt 0:04:40] Against Qxd6} Qg5 22. Qxg5 Nxg5 {[%emt 0:00:02] Black is weak on the dark squares} 23. Nd6 Rb8 24. Rc4 b6 25. Rc7 $36 {[%emt 0:02:07][%cal Oc3d5][%mdl 2048] Keeping Black busy.} a5 26. Nd5 Ba6 {[%emt 0:00:09] Black cannot hold the game after this.} (26... Bg4 $16 27. Rd2 Kg7) 27. Nf6+ $18 Kg7 28. Nd7 Bxe2 29. Re1 Ne6 30. Ra7 Nd4 31. Nxb8 Rxb8 32. Rc1 Bg4 {[%emt 0:01:37] [#] Hoping for ...Ne2+.} 33. Rc4 Nf3+ (33... Ndf5 {keeps fighting.}) 34. Bxf3 {[%emt 0:00:29] White is clearly winning.} Bxf3 35. Rc8 Rxc8 36. Nxc8 {[%emt 0:00:07][%mdl 4096] Endgame. KRN-KBN} b5 37. Rxa5 Be2 38. Nd6 f5 39. Nxb5 g5 40. Nd4 Bd3 41. b4 Kf6 42. b5 {[%emt 0:00:42] [#] Strongly threatening Ra6+.} Ke5 43. b6+ Kd6 44. Ra7 Be4 {[%emt 0:00:36] Prevents b7.} 45. Rxh7 Ng4 46. b7 Kd5 {[%emt 0:04:38] Weighted Error Value: White=0.04 (flawless) /Black=0.35.  Loses game:     	---       	Black=1      Mistake:       	---       	Black=2      Inaccurate:     	White=1     	Black=2      OK:         	White=19    	Black=11     Best:        	White=1     	Black=1} 1-0

[Event "2nd Cambridge Open 2024"]
[Site "Cambridge"]
[Date "2024.02.23"]
[Round "7.5"]
[White "Gasanov, Eldar"]
[Black "Shafi, Declan"]
[Result "1-0"]
[ECO "E60"]
[WhiteElo "2487"]
[BlackElo "2219"]
[Annotator "TA"]
[PlyCount "109"]
[EventDate "2024.02.18"]
[EventType "swiss"]
[EventCountry "ENG"]
[SourceTitle "playchess.com"]
[Source "ChessBase"]
[SourceQuality "1"]
[TimeControl "5400+30"]

1. d4 Nf6 2. c4 g6 3. f3 Nh5 4. e4 e5 5. Be3 Bb4+ 6. Nc3 O-O 7. dxe5 Nc6 8. Qd2 Nxe5 9. a3 Bxc3 10. Qxc3 Qf6 11. O-O-O d6 12. Ne2 a6 13. h4 Be6 14. Bg5 Qg7 15. g4 Nf6 16. Nd4 Nfd7 17. Kb1 c5 (17... Nc5 $16) 18. Nxe6 fxe6 19. f4 (19. Rxd6 Rxf3 20. Qd2 (20. Rxd7 $2 Qxd7 21. Qxe5 Rxf1+ 22. Rxf1 Qd3+ 23. Ka2 Qxc4+ 24. b3 Qxf1 $19) 20... Re8 $14) 19... Nxg4 (19... h6 $16 {was called for.}) 20. Qxg7+ (20. Rxd6 Qxc3 21. bxc3 Ndf6 $11) (20. Qf3 $1 $18 h5 21. Bh3 (21. Rxd6 e5 $18)) 20... Kxg7 $16 21. Rxd6 Rf7 (21... Ndf6 $16) 22. Bh3 $1 $18 (22. Rxe6 $6 h6 23. Rg1 hxg5 24. Rxg4 Nf8 $16) 22... h5 23. Rxe6 Ndf6 (23... Nf8 {keeps fighting.} 24. Bxg4 hxg4) 24. Bxf6+ $2 (24. Rg1 $18 {is more deadly.}) 24... Rxf6 $16 25. Re7+ Kf8 26. Rxb7 ({White should play} 26. Rh7 $16 {Strongly threatening Rh8+.} Nf2 27. Rh8+ Ke7 28. Rxa8 Nxh1 29. e5 (29. f5 gxf5 30. e5 Re6 $16) 29... Rxf4 30. Ra7) 26... Nf2 $1 $14 27. Rh2 Rxf4 (27... Nxe4 $11 {remains equal.} 28. Rd7 Rxf4) 28. Be6 $16 Nxe4 29. Bd5 Re8 30. Rg2 Rf6 {[%emt 0:00:41] [#]} 31. Rc7 $1 Nf2 32. Ka2 (32. Rxc5 Nd3 33. Rc6 Rf1+ 34. Kc2 (34. Ka2 $2 Nc1+ 35. Kb1 Nb3+ 36. Ka2 Re3 $19) 34... Ne1+ 35. Kc3 Nxg2 36. Bxg2 Rf2 37. Rxg6 Ree2 $11) (32. Rg3 $142 {[%cal Og3b3] aiming for Rb3!} Ng4 33. Rb3 (33. Rxc5 Re3 $16)) 32... Nd3 $16 33. Kb3 $1 Rb8+ 34. Kc3 Nf4 35. Rd2 Nxd5+ 36. cxd5 Rf3+ $2 (36... Rf4 $16) 37. Kc4 $18 Rf4+ 38. Kxc5 Rb5+ $2 (38... Ke8 39. b4 Rxh4 40. Re2+ Kf8) 39. Kc6 $18 Rc4+ 40. Kd6 Rxh4 41. Ke6 (41. Rf2+ Kg8 $16) ({Better is} 41. Kd7 $18 Rf4 42. Rc8+ Kg7 43. d6) 41... Rb8 $2 (41... Re4+ $16 {might work better.} 42. Kf6 Ke8) 42. d6 Re4+ 43. Kf6 Rd8 $2 (43... Ke8 44. Rh7 (44. Kxg6 Re6+ 45. Kf5 Rh6 $18) 44... Kd8) 44. d7 $18 ({Inferior is} 44. Kxg6 Re6+ 45. Kxh5 (45. Kh7 Rdxd6 46. Rxd6 Rxd6 $11) 45... Rdxd6 46. Rxd6 Rxd6 $11) 44... Rf4+ 45. Ke6 ({Less strong is} 45. Kxg6 Ke7 $14) 45... Re4+ 46. Kd6 Re7 47. Rf2+ Rf7 48. Rc8 (48. Rxf7+ $142 Kxf7 49. Rc8 Rxd7+ 50. Kxd7 g5 51. Kc6 g4 52. Rh8 Kg6 53. Kb6 (53. b4 g3 $18)) 48... Rxf2 $18 49. Rxd8+ Kg7 {[%emt 0:00:40] [#]} 50. Rg8+ (50. Rc8 $142 $3 Rxb2 (50... Rd2+ 51. Kc6) 51. d8=Q Rd2+ 52. Ke5 Rxd8 53. Rxd8) 50... Kh6 51. Rh8+ Kg7 52. d8=Q Rd2+ 53. Ke5 Rxd8 54. Rxd8 Kh6 55. Kf6 1-0

[Event "2nd Cambridge Open 2024"]
[Site "Cambridge"]
[Date "2024.02.23"]
[Round "7.6"]
[White "Turner, Matthew J"]
[Black "Dishman, Stephen"]
[Result "1-0"]
[ECO "A11"]
[WhiteElo "2448"]
[BlackElo "2273"]
[Annotator "TA"]
[PlyCount "107"]
[EventDate "2024.02.18"]
[EventType "swiss"]
[EventCountry "ENG"]
[SourceTitle "playchess.com"]
[Source "ChessBase"]
[SourceQuality "1"]
[TimeControl "5400+30"]

1. Nf3 d5 2. g3 Bg4 3. Bg2 c6 4. O-O e6 5. d3 Bd6 6. c4 Nf6 7. Qb3 Qb6 8. Be3 Qxb3 {[%emt 0:00:07] The position is equal.} 9. axb3 Nbd7 10. h3 Bxf3 11. Bxf3 O-O 12. Nc3 (12. Rxa7 Rxa7 13. Bxa7 b6 $17) 12... a5 13. Na4 Bb4 14. Rfc1 Rfc8 15. Rc2 b5 16. Nc3 bxc4 17. bxc4 dxc4 18. dxc4 Ne5 19. Na4 {[%emt 0:01:27] [#] Nb6 is the strong threat.} Nxf3+ $1 20. exf3 {[%emt 0:00:05] Black must now prevent Nb6.} Rd8 21. Kg2 h6 22. Bb6 Rd3 23. Nc5 Bxc5 24. Bxc5 Nd7 25. Be3 a4 26. f4 a3 (26... Kf8 $11 {remains equal.}) 27. bxa3 $16 Rdxa3 28. Rxa3 Rxa3 {[%emt 0:00:03][%mdl 4096] Endgame. KRB-KRN} 29. Rd2 Nf6 30. Rd8+ Kh7 31. Rc8 Ra6 32. Kf3 h5 33. Ke2 {[%emt 0:06:02] White is more active.} Kg6 34. Kd3 Kf5 35. Kd4 Nd7 $1 36. Rc7 e5+ 37. fxe5 Nxe5 38. f4 Nf3+ 39. Kd3 Ne1+ (39... f6 $11 {keeps the balance.}) 40. Ke2 Nc2 41. Rxf7+ Kg6 42. Ra7 Rxa7 43. Bxa7 {[%emt 0:00:06] [#] And now g4 would win. KB-KN} Nb4 $2 {[%emt 0:03:07][%mdl 8192] Black cannot hold the game after this.} (43... Kf5 $16) 44. Kf3 $18 Kf5 $2 (44... Kf7 45. Ke4 Na2) 45. g4+ hxg4+ 46. hxg4+ Ke6 47. f5+ Ke5 48. Bb8+ Kf6 49. Ke4 {[%emt 0:00:37] Inhibits Nd3.} Nc2 $2 (49... g6 $18 50. Be5+ Kf7) 50. Be5+ {[%emt 0:01:31] White mates.} Kf7 51. Bc3 g6 52. Kd3 Na3 53. Bb2 gxf5 54. gxf5 {[%emt 0:00:36] Weighted Error Value: White=0.02 (flawless) /Black=0.35.  Loses game:     	---       	Black=1      Mistake:       	---       	Black=4      Inaccurate:     	White=1     	Black=2      OK:         	White=16    	Black=18     Best:        	White=6     	Black=4      Strong:       	---       	Black=2} 1-0

[Event "2nd Cambridge Open 2024"]
[Site "Cambridge"]
[Date "2024.02.23"]
[Round "7.7"]
[White "Wadsworth, Matthew J"]
[Black "Saine, Zachary"]
[Result "1-0"]
[ECO "E01"]
[WhiteElo "2450"]
[BlackElo "1978"]
[Annotator "RC"]
[PlyCount "87"]
[EventDate "2024.02.18"]
[EventType "swiss"]
[EventCountry "ENG"]
[SourceTitle "playchess.com"]
[Source "ChessBase"]
[SourceQuality "1"]
[TimeControl "5400+30"]

1. d4 d5 2. c4 e6 3. Nf3 c6 4. Nbd2 Nf6 5. g3 Nbd7 6. Bg2 Bd6 7. O-O O-O 8. b3 e5 9. dxe5 Nxe5 10. cxd5 Nxd5 11. Bb2 Qe7 12. Nxe5 Bxe5 13. Bxe5 Qxe5 14. Nc4 Qe7 15. Bxd5 cxd5 16. Ne3 Rd8 17. Qd4 Bh3 18. Rfd1 b6 19. Rac1 Qe4 20. Rc7 Qxd4 21. Rxd4 Rdc8 22. Rxc8+ Rxc8 23. Rxd5 Rc1+ 24. Rd1 Rxd1+ 25. Nxd1 Kf8 26. f3 Be6 27. Kf2 Ke7 28. Ke3 Kd6 29. Kd4 a5 30. e4 a4 31. bxa4 Bxa2 32. Nb2 Kc6 33. Kc3 Bb1 34. Nc4 Kc5 35. Nd2 Ba2 36. Nb3+ Kc6 37. Kb2 Bxb3 38. Kxb3 Kc5 39. f4 h6 40. e5 h5 41. Kc3 b5 42. a5 b4+ 43. Kb3 Kb5 44. f5 1-0

[Event "2nd Cambridge Open 2024"]
[Site "Cambridge"]
[Date "2024.02.23"]
[Round "7.8"]
[White "Wachinger, Nikolas"]
[Black "Vardanyan, Aras"]
[Result "1/2-1/2"]
[ECO "B23"]
[WhiteElo "2437"]
[BlackElo "2284"]
[Annotator "RC"]
[PlyCount "123"]
[EventDate "2024.02.18"]
[EventType "swiss"]
[EventCountry "ENG"]
[SourceTitle "playchess.com"]
[Source "ChessBase"]
[SourceQuality "1"]
[TimeControl "5400+30"]

1. e4 c5 2. Nc3 d6 3. Bb5+ Bd7 4. f4 Bxb5 5. Nxb5 Nc6 6. c4 g6 7. Nf3 Bg7 8. O-O a6 9. Nc3 Nf6 10. d3 O-O 11. Kh1 Qd7 12. Be3 b5 13. Qe2 Rab8 14. Rad1 e6 15. h3 Qb7 16. Rd2 Nh5 17. Kh2 Nd4 18. Qf2 f5 19. Nxd4 cxd4 20. Bxd4 e5 21. fxe5 fxe4 22. Qe1 exd3 23. Rxf8+ Rxf8 24. cxb5 dxe5 25. Bc5 Rc8 26. Ne4 Qxb5 27. Qe3 Nf6 28. b4 Nxe4 29. Qxe4 Rd8 30. a4 Qd7 31. Be3 Qd5 32. Qxd5+ Rxd5 33. Kg3 e4 34. Kf4 Re5 35. Bd4 Re6 36. Bxg7 Kxg7 37. Ke3 Kf6 38. b5 axb5 39. axb5 Ke7 40. Rb2 Kd7 41. b6 Kc8 42. b7+ Kb8 43. h4 h5 44. Rb5 Re7 45. Rd5 Kxb7 46. Rd6 Kc7 47. Rxg6 Rd7 48. Ra6 d2 49. Ra7+ Kc6 50. Rxd7 Kxd7 51. Kxd2 Ke6 52. Ke3 Kf5 53. Kf2 Kf4 54. Ke2 Kf5 55. Kf2 Ke5 56. Ke3 Kd5 57. g4 hxg4 58. h5 Ke5 59. h6 Kf6 60. Kxe4 Kg6 61. Kf4 Kxh6 62. Kxg4 1/2-1/2

[Event "2nd Cambridge Open 2024"]
[Site "Cambridge"]
[Date "2024.02.23"]
[Round "7.9"]
[White "Hanley, Craig A"]
[Black "Fava, Lorenzo"]
[Result "1/2-1/2"]
[ECO "D05"]
[WhiteElo "2431"]
[BlackElo "2084"]
[Annotator "TA"]
[PlyCount "91"]
[EventDate "2024.02.18"]
[EventType "swiss"]
[EventCountry "ENG"]
[SourceTitle "playchess.com"]
[Source "ChessBase"]
[SourceQuality "1"]
[TimeControl "5400+30"]

1. Nf3 d5 2. d4 e6 3. e3 Nf6 4. Bd3 c5 5. b3 Nbd7 6. O-O Bd6 7. Bb2 Qc7 (7... b6 $11 {feels stronger.}) 8. Nbd2 e5 9. dxe5 Nxe5 {[%emt 0:00:05] White is slightly better.} 10. Nxe5 Bxe5 11. Bb5+ ({Better is} 11. Bxe5 $14 Qxe5 12. c4) 11... Bd7 12. Bxe5 Qxe5 13. Bxd7+ Nxd7 14. c4 Nf6 15. Nf3 Qe6 {[%emt 0:03:56] [#]} 16. b4 $1 dxc4 17. bxc5 O-O 18. Rb1 Rac8 19. Nd4 Qd5 20. c6 bxc6 21. Qc2 Rb8 22. Rbc1 Ne4 23. Rfd1 (23. Qxc4 $2 {too greedy.} Qxc4 24. Rxc4 Nd2 $19) 23... Nd6 24. Nf3 {[%emt 0:06:24][%mdl 1024] White has compensation.} Qc5 25. h4 h6 26. Rd4 Qa3 27. Qd1 Nf5 (27... Rbd8 $11) 28. Rdxc4 $16 Qxa2 29. Ra4 ({But not} 29. Rxc6 Rfd8 30. Qc2 Qxc2 31. R6xc2 Ra8 $14) (29. Qd7 $1 $16 g6 30. h5 (30. Rxc6 Rb2 $14) (30. Qxc6 Rb6 $14)) 29... Qe6 $11 30. Qc2 Rfc8 31. Qc5 Rb5 32. Qxa7 {[%emt 0:00:19] Threatens to win with e4.} Rcb8 (32... c5 $11 {keeps the balance.}) 33. Nd4 {[%emt 0:02:53] White is more active.} (33. Rac4 $16) 33... Nxd4 {[%emt 0:01:32] The position is equal.} 34. Qxd4 Rb1 35. Rxb1 Rxb1+ {[%emt 0:00:02][%mdl 4096] Endgame. KQR-KQR} 36. Kh2 Rb8 {[%emt 0:00:37] Repels Qd8+} (36... Rb5 {simplifies} 37. Qd3 Qf5 38. Qxf5 Rxf5 39. Kg3 Rc5) 37. Qc5 Rb5 38. Ra8+ Kh7 $132 {[%emt 0:00:02][%mdl 2048] Black puts up resistance} 39. Qc2+ Qg6 40. e4 (40. Qxg6+ {simplifies} Kxg6 41. g4 h5 42. g5) 40... Re5 41. Ra4 Qg4 42. g3 Qf3 43. Rc4 f5 44. Rc3 Qxe4 45. Qxe4 Rxe4 46. Rxc6 {[%emt 0:00:04] Weighted Error Value: White=0.14 (very precise) /Black=0.15 (very precise) .  Mistake:       	White=3     	Black=2      Inaccurate:     	White=2     	Black=3      OK:         	White=16    	Black=15     Best:        	White=3     	Black=2} 1/2-1/2

[Event "2nd Cambridge Open 2024"]
[Site "Cambridge"]
[Date "2024.02.23"]
[Round "7.11"]
[White "Rida, Ruqayyah"]
[Black "Wells, Peter K"]
[Result "1/2-1/2"]
[ECO "C55"]
[WhiteElo "1743"]
[BlackElo "2341"]
[Annotator "TA"]
[PlyCount "52"]
[EventDate "2024.02.18"]
[EventType "swiss"]
[EventCountry "ENG"]
[SourceTitle "playchess.com"]
[Source "ChessBase"]
[SourceQuality "1"]
[TimeControl "5400+30"]

1. e4 e5 2. Nf3 Nc6 3. Bc4 Nf6 4. d3 Be7 5. O-O O-O 6. Re1 d6 7. a4 Na5 8. Ba2 c5 9. c3 Nc6 10. h3 {[%emt 0:01:41] White is slightly better.} h6 11. d4 cxd4 12. cxd4 exd4 13. Nxd4 d5 14. exd5 Nb4 15. Bc4 Nfxd5 (15... Bc5 $5) 16. Nc3 {[%emt 0:05:08] [#] Hoping for Nxd5.} Bf6 17. Qb3 {[%emt 0:08:12] Rd1 is the strong threat.} Nb6 18. Nf3 (18. Ndb5 $5 Nxc4 19. Qxb4 $16) 18... a5 19. Be3 {[%emt 0:11:52] Threatens to win with Rad1.} Nxc4 20. Qxc4 Qd3 {[%emt 0:12:02] The position is equal.} 21. Qxd3 Nxd3 22. Re2 Bxc3 23. bxc3 Re8 24. Rd2 Bf5 25. Nd4 Bg6 26. Nb5 Rec8 {[%emt 0:02:25] Against Nc7.   Weighted Error Value: White=0.11 (very precise) /Black=0.08 (flawless) .  Inaccurate:     	White=3     	Black=1      OK:         	White=7     	Black=10} 1/2-1/2

[Event "2nd Cambridge Open 2024"]
[Site "Cambridge"]
[Date "2024.02.23"]
[Round "7.12"]
[White "York-Weaving, Richard"]
[Black "Pereslavtsev, Alexandr"]
[Result "1-0"]
[ECO "B33"]
[WhiteElo "2343"]
[BlackElo "1696"]
[Annotator "TA"]
[PlyCount "57"]
[EventDate "2024.02.18"]
[EventType "swiss"]
[EventCountry "ENG"]
[SourceTitle "playchess.com"]
[Source "ChessBase"]
[SourceQuality "1"]
[TimeControl "5400+30"]

1. e4 c5 2. Nf3 e6 3. d4 cxd4 4. Nxd4 Qb6 5. Nb3 Qc7 6. Nc3 a6 7. Bd3 Nf6 8. O-O Nc6 9. f4 d6 10. Qf3 b5 11. Bd2 Bb7 {[%emt 0:00:28] The position is equal.} 12. Rae1 Rd8 (12... g6 $11) 13. Kh1 Be7 14. Qg3 e5 $2 {[%emt 0:10:19][%mdl 8192] Loses the game.} (14... O-O $14) 15. Nd5 $18 ({Weaker is} 15. Qxg7 Rg8 16. Nd5 Rxg7 $18) 15... Nxd5 16. exd5 {[%emt 0:00:08][%cal Og3g7] [#] Strongly threatening Qxg7!} Nd4 17. Nxd4 exd4 18. Qxg7 Rf8 19. f5 {[%emt 0:04:31] f6 would kill now.} f6 20. Bh6 Rf7 21. Qg8+ Kd7 22. Qxf7 Re8 23. Re4 Qc5 24. Rfe1 {[%emt 0:01:00] White mates.} Bxd5 25. Rxe7+ Rxe7 26. Rxe7+ Kc6 27. Qe8+ Kb6 28. Qd8+ Kc6 29. Qc7# {[%emt 0:00:40] Weighted Error Value: White=0.10 (very precise) /Black=1.11.  Loses game:     	---       	Black=1      Mistake:       	---       	Black=1      Inaccurate:     	White=2     	Black=1      OK:         	---       	Black=3      Best:        	White=1     	---} 1-0